 Dungeon Crawl Stone Soup version 0.27-a0-1180-g7fc4abc71e (webtiles) character file.

Game seed: 1335967681922984954

585 LabCoat the Cleaver (level 7, -2/60 HPs)
             Began as a Hill Orc Fighter on May 17, 2021.
             Slain by a gnoll shaman
             ... wielding a +0 whip
              (7 damage)
             ... on level 5 of the Dungeon.
             The game lasted 00:10:07 (3615 turns).

LabCoat the Cleaver (Hill Orc Fighter)              Turns: 3615, Time: 00:10:07

Health: -2/60      AC:  9    Str: 21    XL:     7   Next: 37%
Magic:  7/7        EV:  5    Int:  8    God:
Gold:   159        SH: 10    Dex: 16    Spells: 6/6 levels left

rFire    . . .     SeeInvis .   a - +0 war axe
rCold    . . .     Faith    .   c - +0 kite shield
rNeg     . . .     Spirit   .   j - +0 chain mail
rPois    +         Reflect  .   (no helmet)
rElec    +         Harm     .   (no cloak)
rCorr    +         Rampage  .   (no gloves)
Will     .....                  (no boots)
Stlth    ..........             (no amulet)
HPRegen  0.20/turn              b - ring "Ichaciu" {rElec rCorr Dex+6}
MPRegen  0.10/turn              h - ring of poison resistance

@: mighty, lit by a corona, glowing
A: no striking features
a: no special abilities


You were on level 5 of the Dungeon.
You visited 1 branch of the dungeon, and saw 5 of its levels.

You collected 159 gold pieces.

Inventory:

Hand Weapons
 a - a +0 war axe (weapon)
 f - a +2 morningstar
Missiles
 g - 4 boomerangs (quivered)
Armour
 c - a +0 kite shield (worn)
 j - a +0 chain mail (worn)
Jewellery
 b - the ring "Ichaciu" (left hand) {rElec rCorr Dex+6}
   (You acquired it on level 3 of the Dungeon)

   [ring of dexterity]

   It affects your dexterity (+6).
   It insulates you from electricity.
   It protects you from acid and corrosion.
 h - a ring of poison resistance (right hand)
Wands
 d - a wand of acid (6)
 m - a wand of iceblast (10)
Scrolls
 e - a scroll of teleportation
Potions
 k - a potion of brilliance {unknown}


   Skills:
 + Level 4.9 Fighting
 * Level 8.0 Axes
 + Level 0.3 Throwing
 + Level 4.9 Armour
 + Level 4.2 Shields


You had 6 spell levels left.
You didn't know any spells.
Your spell library contained the following spells:

 Spells                   Type           Power      Damage    Failure   Level
 Corona                   Hex            0%         N/A       100%        1
 Foxfire                  Conj/Fire      0%         2x1d4     100%        1
 Ensorcelled Hibernation  Hex/Ice        0%         N/A       100%        2
 Confusing Touch          Hex            0%         N/A       100%        3
 Conjure Flame            Conj/Fire      0%         6-21      100%        3
 Dazzling Flash           Conj/Hex       0%         N/A       100%        3
 Inner Flame              Hex/Fire       0%         N/A       100%        3
 Tukima's Dance           Hex            0%         N/A       100%        3
 Sticky Flame             Conj/Fire      0%         2d3       100%        4
 Fireball                 Conj/Fire      0%         3d3       100%        5


Dungeon Overview and Level Annotations

Branches:
Dungeon (5/15)
 Temple: D:4-7

Altars:
Uskayaw
The Shining One


Message History

You barely miss the white imp. The white imp barely misses you.
The black bear bites you but does no damage.
The black bear claws you but does no damage. x2
The white imp gestures at you. You block the puff of frost.
You slice the white imp!!
You kill the white imp!
You slash the black bear!
You kill the black bear!
A gnoll shaman comes into view. It is wielding a +0 whip.
Your Axes skill increases to level 8!
The gnoll shaman shouts!
You hear a shout!
Found 26 arrows.
Your shield and chain mail prevent you from hitting the gnoll shaman.
You block the gnoll shaman's attack.
An ogre comes into view. It is wielding a +0 giant club.
You barely miss the gnoll shaman.
The gnoll shaman hits you with a +0 whip.
You hit the gnoll shaman but do no damage.
You block the gnoll shaman's attack.
A bullfrog skeleton comes into view.
You block the gnoll shaman's attack.
You slash the gnoll shaman!
The gnoll shaman is heavily wounded.
You block the gnoll shaman's attack.
Your chain mail prevents you from hitting the gnoll shaman.
The gnoll shaman is heavily wounded.
You block the gnoll shaman's attack.
You closely miss the gnoll shaman.
The gnoll shaman is heavily wounded.
The gnoll shaman mumbles some strange prayers to its god against you.
You are outlined in light.
The gnoll shaman hits you with a +0 whip.
The ogre hits you with a +0 giant club!
* * * LOW HITPOINT WARNING * * *
The bullfrog skeleton hits you.
* * * LOW HITPOINT WARNING * * *
There is a stone staircase leading up, spattered with blood here.
The gnoll shaman hits you with a +0 whip!
You die...

.#.....##.##
.........(..####
(...............#.##
.....................#
..##................##
.......#............#
..[.$.##............ ##
###.....##.gO.........
...#...##...#†@Z†.......#
........#................
.......<..............#..
.........................
...#.....................
# #[..#.................
#####.#############...
#.# ... #.# ..


You could see an ogre, a gnoll shaman and a bullfrog skeleton.

Vanquished Creatures
  An ice beast (D:5)
  A black bear (D:5)
  An ogre (D:4)
  A howler monkey (D:3)
  A centaur zombie (D:5)
  A hound (D:5)
  An orc priest (D:3)
  Terence (D:3)
  A howler monkey skeleton (D:4)
  4 gnolls (D:3)
  3 adders
  2 white imps
  2 adder skeletons (D:4)
  A worm (D:3)
  A dart slug (D:4)
  5 orcs (D:3)
  7 endoplasms
  3 giant cockroaches
  2 goblins
  3 hobgoblins
  3 kobolds
  3 quokkas (D:2)
  4 ball pythons
  5 bats
  2 frilled lizards
  2 hobgoblin zombies (D:3)
  2 kobold zombies (D:3)
  An orc skeleton (D:3)
  An orc zombie (D:3)
  A rat (D:2)
66 creatures vanquished.

Notes
Turn   | Place    | Note
-------+----------+-------------------------------------------
     0 | D:1      | LabCoat the Hill Orc Fighter began the quest for the Orb.
     0 | D:1      | Reached XP level 1. HP: 19/19 MP: 1/1
    14 | D:1      | You fall into a shaft and drop 1 floor!
   184 | D:2      | Reached XP level 2. HP: 26/27 MP: 2/2
   193 | D:2      | Reached skill level 3 in Axes
   405 | D:2      | Reached XP level 3. HP: 28/33 MP: 3/3
  1364 | D:3      | Reached XP level 4. HP: 16/40 MP: 4/4
  1370 | D:3      | Reached skill level 4 in Axes
  1631 | D:3      | Found a hide-covered altar of Uskayaw.
  1826 | D:3      | Reached XP level 5. HP: 47/47 MP: 5/5
  1986 | D:3      | Identified a scroll of acquirement
  1986 | D:3      | Acquired the ring "Ichaciu" {rElec rCorr Dex+6}
  2134 | D:3      | Reached skill level 5 in Axes
  2213 | D:3      | Found a glowing golden altar of the Shining One.
  2285 | D:3      | Noticed Terence
  2666 | D:3      | Killed Terence
  2802 | D:4      | Reached XP level 6. HP: 49/53 MP: 6/6
  3073 | D:4      | Reached skill level 6 in Axes
  3299 | D:5      | Entered Level 5 of the Dungeon
  3299 | D:5      | Noticed an ice beast
  3314 | D:5      | Killed an ice beast
  3315 | D:5      | Reached skill level 7 in Axes
  3548 | D:5      | Reached XP level 7. HP: 53/60 MP: 7/7
  3603 | D:5      | Reached skill level 8 in Axes
  3615 | D:5      | Slain by a gnoll shaman

Illustrated notes

Levels and vault maps discovered:
D:1:      lemuel_arrival_river_bridge, layout_basic,
          hellmonk_ecumenical_altar_dog_temple, serial_shops, shop,
          minmay_misc_feat_iff
D:2:      layout_basic, minmay_misc_feat_cross, minmay_box_of_dots
D:3:      layout_loops_ring, nicolae_uskayaw_murder_on_the_dancefloor,
          nicolae_tso_besieged_by_evil, hangedman_decor_diamond_cutter,
          minmay_strange_pillars, uniq_terence
D:4:      layout_rooms, nrook_campfire, grunt_ministairs_1
D:5:      layout_cave_pools, nicolae_overflow_hidden_temple, lemuel_round_altar,
          hangedman_ru_absence, minmay_temple_entry_grid,
          minmay_fractal_squares_gapless_5

Skill      XL: |  1  2  3  4  5  6  7 |
---------------+----------------------+-----
Axes           | 3 4 5 7 8 |  8.0
Fighting       | 4 |  4.9
Armour         | 4 |  4.9
Shields        | 4 |  4.2
Throwing       | |  0.3

Action                   |  1- 3 |  4- 6 |  7- 9 || total
-------------------------+-------+-------+-------++-------
Melee: War axe           |    59 |   137 |    17 ||   213
Throw: Boomerang         |       |     5 |     3 ||     8
  Use: Scroll            |     2 |     5 |     1 ||     8
       Potion            |       |     3 |     1 ||     4
Armor: Scale mail        |    32 |     7 |       ||    39
       Chain mail        |       |    47 |    20 ||    67
Dodge: Dodged            |    23 |    26 |     4 ||    53
Block: Kite shield       |    29 |    55 |    18 ||   102

Table legend: (Time is in decaauts)
 A = Elapsed time spent in this place.
 B = Non-inter-level travel time spent in this place.
 C = Inter-level travel time spent in this place.
 D = Time resting spent in this place.
 E = Time spent auto-exploring this place.
 F = Levels seen in this place.
 G = Mean time per level.
                   A        B        C        D        E       F      G
               +--------+--------+--------+--------+--------+-----+--------+
         Total |   3718 |   3618 |    100 |    953 |   2112 |   5 |  743.6 |
       Dungeon |   3718 |   3618 |    100 |    953 |   2112 |   5 |  743.6 |
               +--------+--------+--------+--------+--------+-----+--------+

Top non-repeatable levels by time:
     D:3: 1397 daAuts
     D:2: 1340 daAuts
     D:4: 634 daAuts
     D:5: 332 daAuts
     D:1: 14 daAuts
